 Dungeon Crawl Stone Soup version 0.29-a0-319-gad05b8d819 (webtiles) character file.

Game seed: 16798119087897441995

41 kae the Firebug (level 3, -2/20 HPs)
             Began as a Tengu Fire Elementalist on Apr 1, 2022.
             Slain by a goblin
             ... wielding a +0 dagger
             ... led by Robin
              (3 damage)
             ... on level 2 of the Dungeon.
             The game lasted 00:01:29 (2729 turns).

kae the Firebug (Tengu Fire Elementalist)           Turns: 2729, Time: 00:01:30

Health: -2/20      AC:  3    Str:  6 (8)  XL:     3   Next: 52%
Magic:  5/7        EV: 12    Int: 15 (17) God:
Gold:   101        SH:  0    Dex: 13 (14) Spells: 0/6 levels left

rFire   . . .      SeeInvis .   d - +0 short sword
rCold   . . .      Faith    .   (no shield)
rNeg    . . .      Spirit   .   a - +1 robe
rPois   .          Reflect  .   (helmet restricted)
rElec   .          Harm     .   (no cloak)
rCorr   .          Rampage  .   (no gloves)
Will    .....                   (boots unavailable)
Stlth   ++........              (no amulet)
HPRegen 0.06/turn               (no ring)
MPRegen 0.10/turn               (no ring)

@: very slightly contaminated
A: beak, talons 3
a: no special abilities


You were on level 2 of the Dungeon.
You visited 1 branch of the dungeon, and saw 2 of its levels.

You collected 101 gold pieces.

Inventory:

Hand Weapons
 d - a +0 short sword (weapon)
Armour
 a - a +1 robe (worn)
 i - a +3 chain mail
Scrolls
 j - a scroll of magic mapping
Potions
 b - a potion of magic


   Skills:
 + Level 0.6 Fighting
 + Level 1.0 Armour
 + Level 2.6 Dodging
 - Level 2.0 Stealth
 + Level 2.1 Spellcasting
 + Level 2.0 Conjurations
 * Level 3.8 Fire Magic


You couldn't memorise any spells.
You knew the following spells:

 Your Spells              Type           Power      Damage    Failure   Level
a - Foxfire               Conj/Fire      40%        2x1d6     6%          1
b - Scorch                Fire           26%        2d6       7%          2
c - Conjure Flame         Conj/Fire      10%        6-21      19%         3

Your spell library contained the following spells:

 Spells                   Type           Power      Damage    Failure   Level
 Inner Flame              Hex/Fire       7%         N/A       30%         3
 Corpse Rot               Necr/Air       2%         N/A       32%         2
 Flame Wave               Conj/Fire      10%        2d5       54%         4
 Cause Fear               Hex            0%         N/A       91%         4
 Dispel Undead            Necr           1%         3d6       91%         4
 Death Channel            Necr           0%         N/A       100%        6
 Discord                  Hex            0%         N/A       100%        8


Dungeon Overview and Level Annotations

Branches:
Dungeon (2/15)

Altars:

Annotations:
D:2 Natasha, Robin


Innate Abilities, Weirdness & Mutations

You have a beak for a mouth.
You have claws for feet.


Message History

It is a scroll of enchant armour.
Your +0 robe glows green for a moment.
The goblin hits you with a +0 dagger.
* * * LOW HITPOINT WARNING * * *
It was a potion of lignification.
You turn into a tree.
Your +1 robe melds into your body.
Your roots penetrate the ground.
The goblin hits you but does no damage.
It was a potion of flight.
Your roots keep you in place.
The goblin hits you but does no damage.
It was a potion of degeneration.
There was something very wrong with that liquid.
You feel weakened.
You feel dopey.
You feel clumsy. The goblin hits you but does no damage.
It was a potion of haste.
You feel yourself speed up. The goblin hits you but does no damage.
It was a potion of cancellation.
Your magical effects are unravelling.
You feel magically purged.
You feel less wooden.
Your +1 robe unmelds from your body.
You feel yourself slow down. The goblin attacks as you move away!
The goblin closely misses you. The goblin attacks as you move away!
The goblin barely misses you.
Robin roars a battlecry!
The goblins go into a battle-frenzy!
Robin throws the goblin at you! The goblin completely misses you.
Hit: d) +0 short sword
Press: ? - help, Dir - move target, f - goblin
Aim: a goblin, wielding a +0 dagger (inner flame, strong, about 49% to evade your +0 short sword)
Okay, then.
You aren't carrying any items that you can evoke.
Okay, then.
Your magic is already full.
Casting: Foxfire (safe; 6% risk of failure)
Confirm with . or Enter, or press ? or * to list all spells.
You miscast Scorch.
You are very lightly contaminated with residual magic.
Nothing appears to happen.
The goblin hits you with a +0 dagger.
* * * LOW HITPOINT WARNING * * *
The goblin hits you with a +0 dagger.
You die...

#.##.#. .. #.
#.##.# #. #g
#.##.# #. #g #.#
#g #.# #g #.# #.
#.#
#g#############.#
#..)ggg@g.......#
#################


You could see Robin and 4 goblins.

Vanquished Creatures
  A dart slug (D:1)
  4 endoplasms
  2 giant cockroaches (D:1)
  4 goblins
  4 hobgoblins
  A quokka (D:1)
  A ball python (D:1)
  2 bats (D:1)
  5 frilled lizards (D:1)
  6 kobolds
  6 rats
  A bush (D:1)
37 creatures vanquished.

Vanquished Creatures (collateral kills)
  5 foxfires (D:1)
5 creatures vanquished.

Vanquished Creatures (others)
  97 foxfires
  A plant (D:1)
98 creatures vanquished.

Grand Total: 140 creatures vanquished

Notes
Turn   | Place    | Note
-------+----------+-------------------------------------------
     0 | D:1      | kae the Tengu Fire Elementalist began the quest for the
                  | Orb.
     0 | D:1      | Reached XP level 1. HP: 10/10 MP: 4/4
   429 | D:1      | Reached XP level 2. HP: 15/15 MP: 3/6
  1013 | D:1      | Reached XP level 3. HP: 20/20 MP: 4/7
  1016 | D:1      | Learned a level 2 spell: Scorch
  1020 | D:1      | Learned a level 3 spell: Conjure Flame
  2143 | D:2      | Noticed Natasha
  2537 | D:2      | Reached skill level 1 in Armour
  2715 | D:2      | Identified the +2 helmet of Wu Jian's Displeasure {rPois}
  2715 | D:2      | Noticed Robin
  2729 | D:2      | HP: 1/20 [goblin/+0 dagger[Robin] (3)]
  2729 | D:2      | Slain by a goblin

Illustrated notes

Levels and vault maps discovered:
D:1:      nagdon_arrival_double_spiral, layout_loops_ring, serial_forest,
          infiniplex_forest_end_2, infiniplex_forest_fountain,
          infiniplex_forest_zigzag_2, infiniplex_forest_fountain,
          infiniplex_forest_end_1, infiniplex_forest_3_way,
          infiniplex_forest_lined_2, infiniplex_forest_fountain,
          hangedman_decor_growths, hangedman_abyss_or_decor_stabs
D:2:      layout_basic, uniq_robin, uniq_natasha

Skill      XL: |  1  2  3 |
---------------+----------+-----
Conjurations   | 2 |  2.0
Armour         | 1 |  1.0
Fighting       | |  0.6
Dodging        | |  2.6
Stealth        | |  2.0
Spellcasting   | |  2.1
Fire Magic     | |  3.8

Action                   || total
-------------------------++-------
Melee: Unarmed           ||    19
       Peck              ||    38
       Kick              ||    55
       Short sword       ||    82
       Punch             ||     2
 Cast: Foxfire           ||    60
  Use: Potion            ||     6
       Scroll            ||     3
Armor: Robe              ||    12
       Skin              ||     4
Dodge: Dodged            ||    27

Table legend: (Time is in decaauts)
 A = Elapsed time spent in this place.
 B = Non-inter-level travel time spent in this place.
 C = Inter-level travel time spent in this place.
 D = Time resting spent in this place.
 E = Time spent auto-exploring this place.
 F = Levels seen in this place.
 G = Mean time per level.
                   A        B        C        D        E       F      G
               +--------+--------+--------+--------+--------+-----+--------+
         Total |   2736 |   2719 |     17 |     56 |   2262 |   2 | 1368.0 |
       Dungeon |   2736 |   2719 |     17 |     56 |   2262 |   2 | 1368.0 |
               +--------+--------+--------+--------+--------+-----+--------+

Top non-repeatable levels by time:
     D:1: 2044 daAuts
     D:2: 691 daAuts
